 Dungeon Crawl Stone Soup version 0.24.0-1-gfbc8707 (webtiles) character file.

Game seed: 335099589338605293, levelgen mode: deterministic

107191 MacrostheBlack the Unseen (level 15, -8/98 HPs)
             Began as a Vampire Assassin on Nov 7, 2019.
             Was the Champion of Trog.
             Killed from afar by Nikola (22 damage)
             ... with a chain lightning
             ... on level 1 of the Spider Nest on Nov 9, 2019.
             The game lasted 02:27:17 (23715 turns).

MacrostheBlack the Unseen (Vampire Assassin)       Turns: 23715, Time: 02:27:18

Health: -8/98      AC: 12    Str:  6    XL:     15   Next: 99%
Magic:  20/20      EV: 26    Int: 19    God:    Trog [******]
Gold:   2133       SH: 12    Dex: 29    Spells: 14/14 levels left

rFire    + . .     SeeInvis +   a - +8 demon blade "Bloodbane" {slice, *Rage +Rage Stlth-}
rCold    + + +     Gourm    .   U - +0 buckler
rNeg     + + +     Faith    .   R - +1 leather armour of Soadiorum {rC+ rCorr Str-4 Slay+2}
rPois    ∞         Spirit   .   V - +2 hat {MR+}
rElec    .         Reflect  +   c - +0 cloak
rCorr    +         Harm     .   z - +0 pair of gloves "Ocveshrut" {+Inv MR+ Dex-3}
MR       +++..                  X - +2 pair of boots of the Hall of Blades {Int+10}
Stlth    ++++++++..             S - amulet of Qazlal's Esteem {Reflect Int-5 Dex+4 Slay+2 SH+5}
HPRegen  0.00/turn              m - ring of the Aged Princes {Dex+6 Slay+2 SInv}
MPRegen  0.17/turn              B - ring of protection from fire

@: bloodless, regenerating quickly
A: no food, fangs 3, see invisible, unbreathing, no potion heal 1
a: Bat Form, Revivify, Berserk, Trog's Hand, Brothers in Arms, Renounce
Religion, Evoke Berserk Rage, Evoke Invisibility


You were on level 1 of the Spider Nest.
You worshipped Trog.
Trog was exalted by your worship.
You were bloodless.

You visited 5 branches of the dungeon, and saw 25 of its levels.
You also visited: Gauntlet.

You collected 3882 gold pieces.
You spent 1749 gold pieces at shops.

Inventory:

Hand Weapons
 a - the +8 demon blade "Bloodbane" (weapon) {slice, *Rage +Rage Stlth-}
   (You found it on level 2 of the Lair of Beasts)

   It inflicts extra damage upon your enemies.
   It lets you go berserk.
   It may make you go berserk in combat.
   It makes you less stealthy.
 s - a +4 antimagic rapier
Missiles
 d - 90 poisoned darts (quivered)
 r - 791 stones
Armour
 c - a +0 cloak (worn)
 v - the +0 ring mail "Rownud" {+Blink MR+ Str+3}
   (You found it in a Gauntlet)

   It affects your strength (+3).
   It affects your resistance to hostile enchantments.
   It lets you blink.
 z - the +0 pair of gloves "Ocveshrut" (worn) {+Inv MR+ Dex-3}
   (You found it on level 1 of the Lair of Beasts)

   It affects your dexterity (-3).
   It affects your resistance to hostile enchantments.
   It lets you turn invisible.
 R - the +1 leather armour of Soadiorum (worn) {rC+ rCorr Str-4 Slay+2}
   (You bought it in a shop on level 2 of the Orcish Mines)

   It affects your strength (-4).
   It affects your accuracy and damage with ranged weapons and melee attacks
   (+2).
   It protects you from cold.
   It provides partial protection from all sources of acid and corrosion.
 U - a +0 buckler (worn)
 V - a +2 hat of magic resistance (worn)
 X - the +2 pair of boots of the Hall of Blades (worn) {Int+10}
   (You found it in a Gauntlet)

   It affects your intelligence (+10).
Jewellery
 m - the ring of the Aged Princes (left hand) {Dex+6 Slay+2 SInv}
   (You bought it in a shop on level 13 of the Dungeon)

   [ring of see invisible]

   It affects your dexterity (+6).
   It affects your accuracy and damage with ranged weapons and melee attacks
   (+2).
   It lets you see invisible.
 B - a ring of protection from fire (right hand)
 G - an uncursed amulet of the acrobat
 Q - a +5 ring of protection
 S - the amulet of Qazlal's Esteem (around neck) {Reflect Int-5 Dex+4 Slay+2 SH+5}
   (You bought it in a shop on level 13 of the Dungeon)

   [amulet of reflection]

   It shields you and reflects attacks.
   It affects your intelligence (-5).
   It affects your dexterity (+4).
   It affects your accuracy and damage with ranged weapons and melee attacks
   (+2).
   It affects your SH (+5).
Wands
 k - a wand of digging (3)
 y - a wand of acid (7)
 D - a wand of polymorph (11)
 J - a wand of flame (48)
 K - a wand of disintegration (13)
 L - a wand of random effects (22)
 W - a wand of iceblast (11)
Scrolls
 b - 6 scrolls of enchant armour
 j - 6 scrolls of immolation
 n - 4 scrolls of random uselessness {unknown}
 t - a scroll of vulnerability {unknown}
 u - 6 scrolls of amnesia {unknown}
 A - a scroll of silence {unknown}
 E - 3 scrolls of fear {unknown}
 H - a scroll of brand weapon
 I - a scroll of torment {unknown}
 M - 6 scrolls of remove curse
 O - 8 scrolls of teleportation
 P - 3 scrolls of blinking {unknown}
 T - 3 scrolls of fog
 Z - 2 scrolls of summoning
Potions
 e - 2 potions of invisibility
 f - 12 potions of curing
 i - 2 potions of resistance
 l - a potion of might
 o - a potion of mutation
 p - 2 potions of cancellation
 q - 4 potions of brilliance
 w - 4 potions of agility
 C - 3 potions of ambrosia
 F - a potion of flight
 N - a potion of haste
Miscellaneous
 g - a lamp of fire
 h - 2 boxes of beasts
 x - 2 phantom mirrors
 Y - a lightning rod (4/4)


   Skills:
 - Level 13.0 Fighting
 - Level 14.0(15.3) Short Blades
 * Level 10.3(13.0) Long Blades
 - Level 1.5 Throwing
 - Level 4.4 Armour
 - Level 14.0 Dodging
 - Level 16.0 Stealth
 - Level 4.0 Shields
 - Level 7.3 Evocations


You had 14 spell levels left.
You didn't know any spells.
Your spell library was empty.

Dungeon Overview and Level Annotations

Branches:
Dungeon (15/15)            Temple (1/1) D:4            Lair (6/6) D:11
 Shoals (0/4) Lair:2       Spider (1/4) Lair:4        Slime (0/5) Lair:6
    Orc (2/2) D:10            Elf (0/3) Orc:2        Vaults (0/5) D:13
 Depths (0/5) D:15        Gauntlet (visited)

Altars:
Ashenzari
Cheibriados
Dithmenos
Elyvilon
Fedhas
Gozag
Hepliaklqana
Kikubaaqudgha
Makhleb
Nemelex Xobeh
Okawaru
Qazlal
Ru
Sif Muna
Trog
Uskayaw
Vehumet
Wu Jian
Xom
Yredelemnul
Zin
The Shining One
Beogh
Lugonu

Shops:
D:4 (   D:5 =   D:9 *   D:13 =   Orc:2 **:[

Annotations:
D:9 exclusion: ice statue
Spider:1 Nikola


Innate Abilities, Weirdness & Mutations

You do not eat.
You do not regenerate when monsters are visible.
You are frail without blood (-20% HP).
You can heal yourself when you bite living creatures.
You are immune to poison.
You have razor-sharp teeth.
You have supernaturally acute eyesight. (SInv)
You can survive without breathing.
Potions are less effective at restoring your health.


Message History

A tarantella comes into view.
The orb spider weaves a glowing orb of energy.
The orb of destruction reflects off an invisible shield around you!
The wavering orb of destruction hits the orb spider!!
The tarantella hisses angrily.
You slice the orb spider!!
You kill the orb spider!
Trog accepts your kill.
Nikola points at you and mumbles some strange words.
The bolt of lightning misses you.
You slash Nikola!
Nikola is lightly wounded.
The orb spider spins a strand of pure energy.
Nikola casts a spell.
You hear a mighty clap of thunder!
The lightning arc hits you!!
The lightning arc hits Nikola.
The lightning arc hits you!!!
* * * LOW HITPOINT WARNING * * *
The lightning arc hits Nikola.
The lightning arc hits you!!
You die...

.#.#. ?..#... ...^..
#..... ..# ......
.....#>..#
..s.s.##.#..#....
....#.^#.........
#....s........
#.†(.#... .. #.
##....#†## ...
...##.@@.....#.#.# .
#..#..##.........##
.#.
#....####..#..#..#....
##...#....####...#...#
##..#....#....##....
#..............#
#......##.....#..
.?.^%##.....#..<^#....
.#... #%.##.#....# #.


You could see Nikola, 2 orb spiders and a tarantella.

Vanquished Creatures
  Saint Roka (Orc:2)
  Gastronok (D:10)
  Donald (Orc:2)
  A stone giant (Orc:1)
  A minotaur (Gauntlet)
  Snorg (D:10)
  The ghost of RedSky the Frost Mage, a journeyman DrIE of Vehumet (Lair:2)
  Josephine (Orc:2)
  An ogre mage (D:15)
  3 vault guards (D:13)
  8 hydras
  Harold (D:7)
  A hell beast (Gauntlet)
  Erica (Orc:1)
  4 centaur warriors
  10 two-headed ogres
  A queen ant (D:8)
  A soul eater (Gauntlet)
  Sonja (D:10)
  2 unseen horrors
  A lindwurm (Lair:6)
  3 orc knights (Orc:2)
  3 orb spiders (Spider:1)
  Pikel (D:5)
  2 wolf spiders
  3 deep elf magi
  An oklob plant (Orc:2)
  17 ugly things
  3 cyclopes
  An elephant (shapeshifter) (D:15)
  A manticore (D:15)
  8 elephants
  6 black mambas
  A naga mage (D:15)
  A gargoyle (D:14)
  23 spiny frogs
  A spiny frog (shapeshifter) (D:14)
  5 rime drakes
  5 komodo dragons
  An efreet (D:15)
  2 demonic crawlers (Spider:1)
  3 meliai (D:15)
  5 tyrant leeches (Lair:6)
  A harpy zombie (D:14)
  3 polar bears
  7 jumping spiders
  A hornet (shapeshifter) (D:14)
  2 trolls
  31 blink frogs
  A dream sheep (Lair:2)
  6 slime creatures
  10 hippogriffs
  A centaur simulacrum (D:14)
  A shadow (D:15)
  2 vampires
  5 redbacks (Spider:1)
  A tarantella (Spider:1)
  4 wyverns
  6 wraiths
  3 basilisks
  45 yaks
  2 chaos spawn (Gauntlet)
  A neqoxec (Gauntlet)
  A steam dragon (D:10)
  12 vampire mosquitoes
  2 hungry ghosts
  3 wargs
  Edmund (D:5)
  A two-headed ogre zombie (D:10)
  9 soldier ants
  7 water moccasins
  A hell hound (Gauntlet)
  An acid dragon (D:14)
  Duvessa (D:6)
  5 porcupines
  30 orc warriors
  3 ice beasts
  3 sky beasts
  A slave (D:5)
  A black bear (D:7)
  2 eyes of draining
  4 boggarts (D:15)
  4 phantoms
  7 ogres
  15 wolves
  20 centaurs
  9 crocodiles
  Blork the orc (D:5)
  31 bullfrogs
  A big kobold (D:14)
  A wyvern zombie (D:8)
  Dowan (D:6)
  2 troll zombies (D:10)
  2 scorpions
  A wyvern skeleton (D:6)
  9 killer bees (D:10)
  4 howler monkeys
  3 wights (D:13)
  3 electric eels
  A bullfrog zombie (D:11)
  8 crimson imps
  3 quasits
  9 orc priests
  7 centaur skeletons
  4 hounds
  6 jellies
  Crazy Yiuf (D:7)
  9 orc wizards
  2 bullfrog skeletons
  8 iguanas
  Ijyb (D:5)
  4 hell rats (Lair:4)
  25 worker ants
  A killer bee zombie (D:7)
  4 ogre zombies (D:10)
  2 worker ant zombies (D:11)
  14 adders
  7 gnolls
  A howler monkey skeleton (D:7)
  12 shadow imps
  4 ufetubi (D:9)
  An ooze (D:1)
  An adder skeleton (D:4)
  2 worms
  5 dart slugs
  3 leopard geckos
  57 orcs
  A ball python (D:4)
  3 giant cockroaches
  12 hobgoblins
  12 jackals
  2 quokkas
  5 bats
  5 frilled lizards
  10 goblins
  2 goblin skeletons (D:10)
  3 goblin zombies (D:10)
  A hobgoblin zombie (D:10)
  A jackal skeleton (D:5)
  18 kobolds
  3 orc skeletons (D:10)
  13 orc zombies (D:10)
  A quokka skeleton (D:7)
  3 rats
  A fungus (D:7)
772 creatures vanquished.

Vanquished Creatures (collateral kills)
  A vault guard (D:13)
  A gargoyle (D:13)
  A yak (D:13)
  A shadow (D:13)
  A bullfrog (D:13)
  An orc (D:13)
6 creatures vanquished.

Vanquished Creatures (others)
  A shadow (D:14)
  An orc warrior (Orc:2)
  4 centaurs (Orc:2)
  3 orcs (Orc:2)
  A goblin skeleton (D:10)
  A hobgoblin skeleton (D:10)
  A hobgoblin zombie (D:10)
  2 demonic plants (Gauntlet)
  A fungus (Lair:6)
  41 plants
56 creatures vanquished.

Grand Total: 834 creatures vanquished

Notes
Turn   | Place    | Note
-------+----------+-------------------------------------------
     0 | D:1      | MacrostheBlack the Vampire Assassin began the quest for the
                  | Orb.
     0 | D:1      | Reached XP level 1. HP: 16/16 MP: 1/1
   107 | D:1      | Reached skill level 6 in Stealth
   109 | D:1      | Reached XP level 2. HP: 5/22 MP: 2/2
   492 | D:1      | Reached XP level 3. HP: 27/27 MP: 3/3
   680 | D:2      | Found a hazy altar of Hepliaklqana.
   932 | D:2      | Reached XP level 4. HP: 34/34 MP: 4/4
   936 | D:2      | Found a sacrificial altar of Ru.
  1454 | D:3      | Found a snail-covered altar of Cheibriados.
  1700 | D:3      | Found a bloodstained altar of Trog.
  1750 | D:3      | Became a worshipper of Trog the Wrathful
  1839 | D:3      | Reached XP level 5. HP: 39/39 MP: 5/5
  2211 | D:4      | Reached skill level 7 in Stealth
  2261 | D:4      | Found Ruritae's Antique Weapon Shoppe.
  2402 | D:4      | HP: 2/40 [gnoll/+2 flail of protection (7)]
  2408 | D:4      | HP: 1/40 [poisoned by a gnoll]
  2415 | D:4      | HP: 2/40 [poisoned by a gnoll]
  2423 | D:4      | HP: 2/40 [poisoned by a gnoll]
  2781 | D:4      | Reached XP level 6. HP: 46/46 MP: 6/6
  2808 | D:4      | Reached skill level 1 in Armour
  2975 | D:4      | Reached * piety under Trog
  3035 | D:4      | Found a glowing golden altar of the Shining One.
  3074 | D:4      | Found a staircase to the Ecumenical Temple.
  3127 | Temple   | Entered the Ecumenical Temple
  3456 | D:5      | Entered Level 5 of the Dungeon
  3491 | D:5      | Noticed Blork the orc
  3492 | D:5      | Noticed a slave
  3528 | D:5      | Killed Blork the orc
  3567 | D:5      | Reached XP level 7. HP: 43/52 MP: 7/7
  3674 | D:5      | Noticed Edmund
  3691 | D:5      | Killed Edmund
  3691 | D:5      | Reached skill level 5 in Dodging
  3753 | D:5      | Reached skill level 8 in Stealth
  3755 | D:5      | Noticed Ijyb
  3765 | D:5      | Killed Ijyb
  3804 | D:5      | Found Weoschir's Jewellery Emporium.
  3840 | D:5      | Noticed Pikel
  3865 | D:5      | Killed Pikel
  3865 | D:5      | Reached XP level 8. HP: 60/60 MP: 8/8
  3991 | D:6      | Reached skill level 5 in Short Blades
  3998 | D:6      | Reached skill level 9 in Stealth
  4057 | D:6      | Reached ** piety under Trog
  4130 | D:6      | Found a white marble altar of Elyvilon.
  4309 | D:6      | Noticed Dowan
  4310 | D:6      | Noticed Duvessa
  4319 | D:6      | Killed Duvessa
  4324 | D:6      | Killed Dowan
  4515 | D:7      | Reached skill level 5 in Fighting
  4554 | D:7      | Noticed Harold
  4652 | D:7      | Reached XP level 9. HP: 68/68 MP: 9/9
  4661 | D:7      | Killed Harold
  5208 | D:7      | Reached *** piety under Trog
  5777 | D:7      | Found a runed translucent door.
  5778 | D:7      | Noticed Crazy Yiuf
  5786 | D:7      | Killed Crazy Yiuf
  5888 | D:8      | Found an ancient bone altar of Kikubaaqudgha.
  5891 | D:8      | Noticed a two-headed ogre
  5900 | D:8      | Killed a two-headed ogre
  5900 | D:8      | Reached XP level 10. HP: 79/79 MP: 10/10
  6022 | D:8      | Noticed a queen ant
  6452 | D:8      | Killed a queen ant
  6452 | D:8      | Received a gift from Trog
  6452 | D:8      | Reached skill level 10 in Short Blades
  6827 | D:8      | Found a basalt altar of Yredelemnul.
  6830 | D:8      | Found a bloodstained altar of Trog.
  6832 | D:8      | Found a glowing silver altar of Zin.
  7067 | D:8      | Found a shadowy altar of Dithmenos.
  7067 | D:8      | Found a radiant altar of Vehumet.
  7154 | D:9      | Noticed an unseen horror
  7183 | D:9      | Killed an unseen horror
  7370 | D:9      | Reached XP level 11. HP: 89/89 MP: 11/11
  7373 | D:9      | Reached skill level 10 in Stealth
  7544 | D:9      | Noticed a two-headed ogre
  7557 | D:9      | Killed a two-headed ogre
  7585 | D:9      | Found Panoar's General Store.
  7795 | D:9      | Reached **** piety under Trog
  8394 | D:10     | Entered Level 10 of the Dungeon
  8470 | D:10     | Noticed an unseen horror
  8499 | D:10     | Killed an unseen horror
  8620 | D:10     | Found a staircase to the Orcish Mines.
  8643 | D:10     | Reached ***** piety under Trog
  8659 | D:10     | Reached skill level 11 in Stealth
  8659 | D:10     | Reached skill level 1 in Shields
  9117 | D:10     | Noticed Gastronok
  9136 | D:10     | Killed Gastronok
  9210 | D:10     | Noticed Snorg
  9228 | D:10     | Killed Snorg
  9537 | D:10     | Noticed Sonja
  9552 | D:10     | Killed Sonja
  9552 | D:10     | Reached XP level 12. HP: 97/97 MP: 12/12
  9956 | D:11     | Found a shimmering altar of Xom.
 10000 | D:11     | Noticed a two-headed ogre
 10014 | D:11     | Killed a two-headed ogre
 10014 | D:11     | Reached skill level 10 in Fighting
 10294 | D:11     | Reached skill level 10 in Dodging
 10346 | D:11     | Found a staircase to the Lair.
 10434 | D:11     | Received a gift from Trog
 10549 | D:11     | Noticed a two-headed ogre
 10561 | D:11     | Killed a two-headed ogre
 10561 | D:11     | Reached skill level 12 in Stealth
 10824 | D:12     | You fall into a shaft and drop 1 floor!
 11024 | D:13     | Found a gate to the Vaults.
 11024 | D:13     | Noticed a centaur warrior
 11024 | D:13     | Noticed a vault guard
 11024 | D:13     | Noticed an eight-headed hydra
 11024 | D:13     | Noticed a vault guard
 11024 | D:13     | Noticed a vault guard
 11024 | D:13     | Noticed a vault guard
 11026 | D:13     | Noticed a two-headed ogre
 11032 | D:13     | Killed a vault guard
 11036 | D:13     | Killed a centaur warrior
 11050 | D:13     | Killed a vault guard
 11054 | D:13     | Killed an eight-headed hydra
 11061 | D:13     | Killed a two-headed ogre
 11074 | D:13     | Killed a vault guard
 11074 | D:13     | Reached skill level 13 in Stealth
 11082 | D:13     | Killed a vault guard
 11224 | D:13     | Found Oseamoiw's Jewellery Emporium.
 11937 | D:12     | Reached XP level 13. HP: 105/105 MP: 4/13
 11976 | D:12     | Found a blossoming altar of Fedhas.
 12014 | D:12     | Received a gift from Trog
 12334 | Lair:1   | Entered Level 1 of the Lair of Beasts
 12509 | Lair:1   | Got a pair of fine gloves
 12515 | Lair:1   | Identified the cursed +0 pair of gloves "Ocveshrut" {+Inv
                  | MR+ Dex-3} (You found it on level 1 of the Lair of Beasts)
 13501 | Lair:2   | Found a staircase to the Shoals.
 13602 | Lair:2   | Found a runed translucent door.
 13604 | Lair:2   | Found the +8 demon blade "Bloodbane" {slice, *Rage +Rage
                  | Stlth-}
 13604 | Lair:2   | Noticed RedSky's ghost (journeyman DrIE)
 13779 | Lair:2   | Identified a scroll of acquirement
 13903 | D:13     | Bought the ring of the Aged Princes {Dex+6 Slay+2 SInv} for
                  | 688 gold pieces
 13903 | D:13     | Bought the amulet of Qazlal's Esteem {Reflect Int-5 Dex+4
                  | Slay+2 SH+5} for 872 gold pieces
 13986 | Orc:1    | Entered Level 1 of the Orcish Mines
 14168 | Orc:2    | Entered Level 2 of the Orcish Mines
 14168 | Orc:2    | Found a roughly hewn altar of Beogh.
 14168 | Orc:2    | Noticed Saint Roka
 14173 | Orc:2    | Noticed Donald
 14402 | D:14     | Got an encrusted falchion
 14405 | D:14     | Identified the cursed +2 falchion of Exhibitionism {slice,
                  | Str+6 Dex+5} (You found it on level 14 of the Dungeon)
 14435 | D:14     | Reached skill level 1 in Evocations
 14458 | D:14     | Found a gate leading to a gauntlet.
 14476 | Gauntlet | Entered a Gauntlet
 14476 | Gauntlet | Found a transporter.
 14489 | Gauntlet | Found a transporter.
 14500 | Gauntlet | Found a transporter.
 14505 | Gauntlet | Found a transporter.
 14520 | Gauntlet | Found a transporter.
 14539 | Gauntlet | Found a transporter.
 14554 | Gauntlet | Found a transporter.
 14557 | Gauntlet | Noticed an entropy weaver
 14563 | Gauntlet | Found a transporter.
 14575 | Gauntlet | Found a transporter.
 14587 | Gauntlet | Found a transporter.
 14605 | Gauntlet | Found a transporter.
 14625 | Gauntlet | Found a transporter.
 14627 | Gauntlet | Found a transporter.
 14667 | Gauntlet | Found a transporter.
 14671 | Gauntlet | Found a transporter.
 14671 | Gauntlet | Found a transporter.
 14702 | Gauntlet | Found a transporter.
 14714 | Gauntlet | Found a transporter.
 14783 | Gauntlet | Got a distressingly furry leather armour
 14827 | Gauntlet | Identified the +1 leather armour of the Other Side {Regen+
                  | Int+3} (You found it in a Gauntlet)
 14882 | Gauntlet | Got a pair of shimmering boots
 14888 | Gauntlet | Identified the +2 pair of boots of the Hall of Blades
                  | {Int+10} (You found it in a Gauntlet)
 14946 | Gauntlet | Noticed a minotaur
 14963 | Gauntlet | Killed a minotaur
 14968 | Gauntlet | Identified the Incunabulum of Lucky Dark Rites
 14977 | Gauntlet | Got a jewelled ring mail
 14988 | Gauntlet | Identified the cursed +0 ring mail "Rownud" {+Blink MR+
                  | Str+3} (You found it in a Gauntlet)
 15194 | D:14     | You fall into a shaft and drop 1 floor!
 15194 | D:15     | Entered Level 15 of the Dungeon
 15194 | D:15     | Found a stormy altar of Qazlal.
 15264 | D:15     | Reached skill level 14 in Stealth
 15264 | D:15     | Reached XP level 14. HP: 112/114 MP: 5/16
 15681 | D:15     | Reached ****** piety under Trog
 15681 | D:15     | Received a gift from Trog
 15959 | D:15     | Found a staircase to the Depths.
 16213 | D:15     | Got a fine leather armour
 16224 | D:15     | Identified the +2 leather armour of Weightlessness {rF+ rC+
                  | Stlth+} (You found it on level 15 of the Dungeon)
 16825 | D:14     | Found a shattered altar of Ashenzari.
 16864 | D:14     | Reached skill level 5 in Evocations
 16904 | D:14     | Reached skill level 15 in Stealth
 17476 | Orc:2    | Killed Saint Roka
 17602 | Orc:2    | Killed Donald
 17669 | Orc:2    | Gained mutation: Potions are less effective at restoring
                  | your health. [mutagenic glow]
 17822 | Orc:2    | Found a staircase to the Elven Halls.
 17822 | Orc:2    | Noticed Josephine
 17842 | Orc:2    | Killed Josephine
 18061 | Orc:2    | Found Jiwucox's General Store.
 18061 | Orc:2    | Found Mudduph's Book Emporium.
 18076 | Orc:2    | Found Vips's Antique Armour Shoppe.
 18081 | Orc:2    | Found Upafab's Assorted Antiques.
 18611 | Orc:1    | Noticed Erica
 18612 | Orc:1    | Killed Erica
 18612 | Orc:1    | Reached XP level 15. HP: 97/97 MP: 4/20
 18904 | Orc:2    | Bought a faintly humming leather armour for 189 gold pieces
 18916 | Orc:2    | Identified the cursed +1 leather armour of Soadiorum {rC+
                  | rCorr Str-4 Slay+2} (You bought it in a shop on level 2 of
                  | the Orcish Mines)
 19656 | Lair:2   | Killed RedSky's ghost
 19726 | Lair:3   | Received a gift from Trog
 19996 | Lair:3   | Reached skill level 1 in Long Blades
 20362 | Lair:4   | Reached skill level 16 in Stealth
 20482 | Lair:4   | Found a hole to the Spider Nest.
 21368 | Lair:5   | Reached skill level 5 in Long Blades
 21635 | Lair:6   | Entered Level 6 of the Lair of Beasts
 21841 | Lair:6   | Found a staircase to the Slime Pits.
 21869 | Lair:6   | Received a gift from Trog
 22081 | Lair:6   | Received a gift from Trog
 22293 | Lair:6   | Got a twisted hunting sling
 22294 | Lair:6   | Identified the cursed +1 hunting sling of the Eight Ghosts
                  | {freeze, rElec rPois rC++ Stlth-} (You found it on level 6
                  | of the Lair of Beasts)
 23017 | Spider:1 | Entered Level 1 of the Spider Nest
 23074 | Lair:4   | Reached skill level 10 in Long Blades
 23711 | Spider:1 | Noticed Nikola
 23715 | Spider:1 | Killed from afar by Nikola

Levels and vault maps discovered:
D:1:      zaba_arrival_water, layout_rooms, minmay_box_of_dots
D:2:      layout_basic, lemuel_round_altar, minmay_misc_feat_enclosed,
          nicolae_ru_great_annihilating_truth
D:3:      layout_rooms, kennysheep_slug_shrine, trog_hazing_becter, uniq_terence
D:4:      layout_loops_corners, tso_oasis_becter,
          minmay_temple_entry_gardened_gates, serial_shops, nicolae_shop_trees
D:5:      layout_rooms, serial_shops, nicolae_shop_trees, first_ration,
          uniq_ijyb, uniq_edmund, uniq_pikel, uniq_blork_the_orc
D:6:      layout_basic, elyvilon_altar_3, uniq_duvessa
D:7:      layout_basic, dk_vineyard_2, grunt_ogre_cave, uniq_crazy_yiuf_cottage,
          uniq_harold
D:8:      layout_gridville, lemuel_crystal_altar, minitemple,
          grunt_temple_overflow_open, minmay_another_anthill
D:9:      cheibrodos_frozen_isle, layout_loops_ring, serial_shops, shop
D:10:     layout_stronghold, zombieorc2_lemuel, grunt_ministairs_15,
          hangedman_decor_opposing, uniq_snorg, uniq_gastronok, uniq_sonja
D:11:     minmay_spotlight, layout_loops_corners, lair_entry_dummy, basic_altar
D:12:     layout_cave_pools, fedhas_altar_4
D:13:     layout_loops_ring, lightli_vaults_fourway_checkpoint, serial_shops,
          shop_statue, fungi_pond_lemuel, minivault_16
D:14:     layout_long_grid, gauntlet_entry_generic, minmay_misc_feat_tiny,
          evilmike_ruin_ashenzari
D:15:     hangedman_depths_entry_try_elsewhere_first, layout_basic,
          nicolae_two_hexagons, nicolae_qazlal_general_emergency
Temple:   kb_corrupted_temple
Lair:1:   layout_layer_cave, fungi_pond_lemuel, serial_bayou_shore_a
Lair:2:   layout_chaotic_city, shoals_dummy_entry, ebering_ghost_inner_flame
Lair:3:   layout_hall_layers
Lair:4:   layout_hall_layers, spider_nest_entry_web_field, grunt_megastairs_3
Lair:5:   statuecave_lemuel, layout_regular_city
Lair:6:   minmay_lair_end_frog_pond, layout_layer_cave, slime_dummy,
          wad_woods_river_03
Spider:1: layout_spider_delve, uniq_nikola
Orc:1:    layout_caves, uniq_erica
Orc:2:    st_orc_rangers, layout_caves, special_room, basic_altar,
          mines3_lemuel, uniq_josephine, uniq_donald, uniq_saint_roka

Skill      XL: |  1  2  3  4  5  6  7  8  9 10 11 12 13 14 15 |
---------------+----------------------------------------------+-----
Stealth        | 6 7 8 9 11 13 14 15 16 | 16.0
Fighting       | 2 3 4 5 7 9 10 11 12 13 | 13.0
Dodging        | 2 3 4 6 7 9 12 13 14 | 14.0
Short Blades   | 3 4 6 8 10 11 12 14 | 14.0
Armour         | 1 2 3 4 |  4.4
Shields        | 3 4 |  4.0
Evocations     | 3 6 7 |  7.3
Long Blades    | 10 | 10.3
Throwing       | |  1.5

Action                   |  1- 3 |  4- 6 |  7- 9 | 10-12 | 13-15 || total
-------------------------+-------+-------+-------+-------+-------++-------
Melee: Dagger            |   132 |    48 |       |       |       ||   180
       Bite              |    19 |    23 |    33 |   183 |   280 ||   538
       Short sword       |       |   150 |   275 |   979 |    17 ||  1421
       Scimitar          |       |       |    11 |       |       ||    11
       Trident           |       |       |       |    69 |       ||    69
       Rapier            |       |       |       |       |  1058 ||  1058
       Demon blade       |       |       |       |       |   444 ||   444
Throw: Dart              |     9 |    36 |       |    81 |       ||   126
Invok: Berserk           |       |     2 |    14 |    17 |    14 ||    47
       Trog's Hand       |       |       |       |     2 |     5 ||     7
       Brothers in Arms  |       |       |       |     1 |       ||     1
 Abil: Evoke Invisibilit |       |       |       |       |    14 ||    14
       Exsanguinate      |       |       |       |       |     2 ||     2
       Revivify          |       |       |       |       |     1 ||     1
Evoke: Lightning rod     |       |       |       |       |     4 ||     4
       Lamp of fire      |       |       |       |       |     1 ||     1
  Use: Scroll            |     3 |       |    10 |     2 |    21 ||    36
       Potion            |       |       |       |     1 |       ||     1
 Stab: Sleeping          |     3 |     9 |     8 |    29 |    50 ||    99
       Invisible         |     1 |       |       |       |    48 ||    49
       Paralysed         |       |     1 |       |       |       ||     1
       Distracted        |       |       |       |     5 |    14 ||    19
Armor: Robe              |     8 |       |       |       |       ||     8
       Leather armour    |    22 |    32 |       |       |   106 ||   160
       Ring mail         |       |    17 |    65 |   234 |    73 ||   389
Dodge: Dodged            |    81 |   118 |   183 |   574 |   939 ||  1895
Block: Other             |       |    15 |       |       |       ||    15
       Reflection        |       |     4 |       |       |    35 ||    39
       Buckler           |       |       |       |    23 |   692 ||   715
       Rpst.: Demon blade |       |       |       |       |   116 ||   116
